 Dungeon Crawl Stone Soup version 0.27-a0-998-g4cfe56dd59 (webtiles) character file.

Game seed: 14564143797339976137

23 Lugonue the Sneak (level 2, 0/22 HPs)
             Began as a Deep Dwarf Wanderer on Apr 16, 2021.
             Was a Follower of Qazlal.
             Slain by an adder (1 damage)
             ... on level 2 of the Dungeon.
             The game lasted 00:02:33 (907 turns).

Lugonue the Sneak (Deep Dwarf Wanderer)              Turns: 907, Time: 00:02:34

Health: 0/22       AC:  3    Str: 17    XL:     2   Next: 72%
Magic:  5/5        EV: 11    Int: 11    God:    Qazlal [*.....]
Gold:   68         SH:  1    Dex: 11    Spells: 4/5 levels left

rFire    . . .     SeeInvis .   a - +2 quarterstaff
rCold    . . .     Faith    .   (shield currently unavailable)
rNeg     . . .     Spirit   .   d - +0 robe
rPois    .         Reflect  .   (no helmet)
rElec    .         Harm     .   (no cloak)
rCorr    .         Rampage  .   (no gloves)
Will     .....                  f - +0 pair of boots
Stlth    ++........             (no amulet)
HPRegen  0.00/turn              (no ring)
MPRegen  0.09/turn              (no ring)

@: non-regenerating
A: damage resistance, heal wounds, sense surroundings 1, no regeneration
a: Heal Wounds, Renounce Religion


You were on level 2 of the Dungeon.
You worshipped Qazlal.
Qazlal was aware of your devotion.
You visited 1 branch of the dungeon, and saw 2 of its levels.

You collected 68 gold pieces.

Inventory:

Hand Weapons
 a - a +2 quarterstaff (weapon)
 e - a +0 dagger
Missiles
 g - 7 curare-tipped darts
Armour
 d - a +0 robe (worn)
 f - a +0 pair of boots (worn)
Scrolls
 b - a scroll of identify {unknown}
 h - a scroll of brand weapon {unknown}
 i - a scroll of holy word {unknown}
 j - a scroll of blinking {unknown}
Potions
 c - a potion of curing


   Skills:
 + Level 0.1 Fighting
 + Level 2.2 Staves
 + Level 1.0 Throwing
 + Level 2.9 Stealth
 + Level 2.2 Spellcasting
 + Level 1.3 Earth Magic
 + Level 1.6 Poison Magic


You had 4 spell levels left.
You knew the following spells:

 Your Spells              Type           Power      Damage    Failure   Level
a - Foxfire               Conj/Fire      4%         2x1d4     28%         1

Your spell library contained the following spells:

 Spells                   Type           Power      Damage    Failure   Level
 Conjure Flame            Conj/Fire      1%         6-21      65%         3


Dungeon Overview and Level Annotations

Branches:
Dungeon (2/15)

Altars:
Qazlal


Innate Abilities, Weirdness & Mutations

You are resistant to damage.
You can heal yourself by infusing magical energy.
You passively map a small area around you.
You do not regenerate.


Message History

Found a spear.
An adder comes into view.
A giant cockroach comes into view.
There are monsters nearby!
A rat, a jackal and a gnoll come into view.
The jackal barks!
The gnoll shouts!
The adder hisses angrily.
You see here 15 stones.
You completely miss the rat.
A goblin comes into view. It is wielding a +0 club.
The rat barely misses you.
You barely miss the rat. The rat bites you.
You barely miss the rat. The rat barely misses you.
The adder closely misses you. The adder bites you.
* * * LOW HITPOINT WARNING * * *
You closely miss the adder. The adder bites you.
The gnoll hits you with a +0 club.
* * * LOW HITPOINT WARNING * * *
You sock the adder!
The adder is severely wounded.
The adder barely misses you. The jackal closely misses you.
The adder bites you but does no damage. The jackal bites you.
The gnoll hits you with a +0 club.
* * * LOW HITPOINT WARNING * * *
You closely miss the adder.
The adder is severely wounded.
The adder closely misses you. The jackal barely misses you.
The gnoll barely misses you.
The jackal pauses to sniff the ground.
The jackal bites you.
* * * LOW HITPOINT WARNING * * *
The adder bites you but does no damage. The jackal closely misses you.
The jackal bites you but does no damage.
You barely miss the jackal. You block the jackal's attack.
You thump the jackal!
You kill the jackal!
Qazlal accepts your kill. The adder bites you.
You die...

, , ##.# .. *
...##.. ,
,..##.#*** * *
*,..##.# * * *
####.##.# *
####....##.# * *
###.......##.# ,*
#......(..r.B####
..........#.ggS@# *
.####.###r#..##.#>#
... #)#.###.#.#
#... #.#.###.#.# *
#...,**#.#.......#*
, ....
*..#.###.###* *
.###
**..#.##...###.# ,
,#..........# ,
,####...#####


You could see a gnoll, an adder, a giant cockroach, a goblin and a rat.

Vanquished Creatures
  A worm (D:2)
  A dart slug (D:1)
  3 ball pythons (D:1)
  2 endoplasms (D:1)
  2 giant cockroaches (D:1)
  A goblin (D:1)
  2 hobgoblins (D:1)
  A jackal (D:2)
  2 bats (D:1)
  2 frilled lizards (D:1)
  A rat (D:1)
18 creatures vanquished.

Vanquished Creatures (others)
  5 withered plants (D:2)
5 creatures vanquished.

Grand Total: 23 creatures vanquished

Notes
Turn   | Place    | Note
-------+----------+-------------------------------------------
     0 | D:1      | Lugonue the Deep Dwarf Wanderer began the quest for the
                  | Orb.
     0 | D:1      | Lugonue set off with the following items: a +2
                  | quarterstaff, a potion of curing, a +0 robe, a +0 dagger;
                  | and the following spell memorised: Foxfire; and the
                  | following spells available to memorise: Conjure Flame
     0 | D:1      | Reached XP level 1. HP: 15/15 MP: 3/3
   143 | D:1      | Reached XP level 2. HP: 11/22 MP: 5/5
   626 | D:2      | Found a faded altar of an unknown god.
   724 | D:2      | Became a worshipper of Qazlal Stormbringer
   724 | D:2      | Reached * piety under Qazlal
   900 | D:2      | HP: 1/22 [jackal (1)]
   907 | D:2      | Slain by an adder

Illustrated notes

Levels and vault maps discovered:
D:1:      psy_arrival_fountain, layout_basic, hangedman_decor_peaks_small
D:2:      minmay_recursive_quarters, layout_loops_ring,
          shapermc_ecumenical_altar_flowoftime

Skill      XL: |  1  2 |
---------------+-------+-----
Spellcasting   | 2 |  2.2
Staves         | 2 |  2.2
Fighting       | |  0.1
Throwing       | |  1.0
Stealth        | |  2.9
Earth Magic    | |  1.3
Poison Magic   | |  1.6

Action                   || total
-------------------------++-------
Melee: Quarterstaff      ||    69
 Stab: Sleeping          ||     2
Armor: Robe              ||    13
Dodge: Dodged            ||    35
Block: Other             ||     1

Table legend: (Time is in decaauts)
 A = Elapsed time spent in this place.
 B = Non-inter-level travel time spent in this place.
 C = Inter-level travel time spent in this place.
 D = Time resting spent in this place.
 E = Time spent auto-exploring this place.
 F = Levels seen in this place.
 G = Mean time per level.
                   A        B        C        D        E       F      G
               +--------+--------+--------+--------+--------+-----+--------+
         Total |    920 |    915 |      5 |      0 |    615 |   2 |  460.0 |
       Dungeon |    920 |    915 |      5 |      0 |    615 |   2 |  460.0 |
               +--------+--------+--------+--------+--------+-----+--------+

Top non-repeatable levels by time:
     D:1: 607 daAuts
     D:2: 313 daAuts
